 Dungeon Crawl Stone Soup version 0.23-a0-182-g58cdd98 (webtiles) character file.

35 galech the Skirmisher (level 3, -6/29 HPs)
             Began as a Demonspawn Fighter on Sept 20, 2018.
             Mangled by a phantom (7 damage)
             ... on level 4 of the Dungeon.
             The game lasted 00:01:42 (866 turns).

galech the Skirmisher (Demonspawn Fighter)           Turns: 866, Time: 00:01:42

Health: -6/29      AC:  6    Str: 16    XL:     3   Next: 16%
Magic:  0/3        EV:  6    Int:  9    God:
Gold:   57         SH:  9    Dex: 13    Spells: 2/2 levels left

rFire    . . .     SeeInvis .   a - +0 war axe
rCold    . . .     Gourm    .   c - +0 shield
rNeg     . . .     Faith    .   b - +0 scale mail
rPois    .         Spirit   +   (no helmet)
rElec    .         Reflect  .   (no cloak)
rCorr    .         Harm     .   (no gloves)
MR       .....                  (no boots)
Stlth    ..........             (no amulet)
HPRegen  0.09/turn              (no ring)
MPRegen  0.08/turn              (no ring)

@: no status effects
A: magic shield
a: no special abilities


You were on level 4 of the Dungeon.
You were not hungry.

You visited 1 branch of the dungeon, and saw 3 of its levels.

You collected 57 gold pieces.

Inventory:

Hand Weapons
 a - a +0 war axe (weapon)
Armour
 b - a +0 scale mail (worn)
 c - a +0 shield (worn)
Scrolls
 e - a scroll of identify {unknown}
 i - a scroll of remove curse {unknown}
Potions
 d - a potion of might
 h - a potion of magic {unknown}
 j - a potion of heal wounds {unknown}
 k - a potion of berserk rage {unknown}
Comestibles
 f - 4 rations
 g - 4 chunks of flesh


   Skills:
 + Level 3.3 Fighting
 + Level 2.2 Axes
 + Level 3.0 Armour
 + Level 3.1 Shields


You had 2 spell levels left.
You didn't know any spells.
Your spell library was empty.

Dungeon Overview and Level Annotations

Branches:
Dungeon (2/15)

Altars:
Nemelex Xobeh


Innate Abilities, Weirdness & Mutations

When hurt, damage is shared between your health and your magic reserves.


Message History

You are too injured to fight recklessly!
You are too injured to fight recklessly!
You are too injured to fight recklessly!
You are too injured to fight recklessly!
You are too injured to fight recklessly!
You are too injured to fight recklessly!
You are too injured to fight recklessly!
You are too injured to fight recklessly!
You are too injured to fight recklessly!
The phantom hits you!
* * * LOW HITPOINT WARNING * * *
You hit the phantom.
The phantom is heavily damaged.
The phantom hits you but does no damage.
The phantom hits you!
* * * LOW HITPOINT WARNING * * *
You miss the phantom.
The phantom is heavily damaged.
The phantom hits you!
You die...

##### #### .##.#####
####..#
........######..@W.#
.....#....##.....###
...(..###......###
.....## ###...##
....## ##..## ...##
#...# .### ##..##
#### ## ##..#
##...#. #..##.......


You could see a phantom.

Vanquished Creatures
  A howler monkey skeleton (D:4)
  A dart slug (D:2)
  A leopard gecko (D:1)
  A ball python (D:1)
  A bat (D:1)
  3 goblins (D:1)
  2 hobgoblins
  4 kobolds (D:1)
  4 frilled lizards (D:1)
  4 rats (D:1)
22 creatures vanquished.

Notes
Turn   | Place    | Note
-------+----------+-------------------------------------------
     0 | D:1      | galech the Demonspawn Fighter began the quest for the Orb.
     0 | D:1      | Reached XP level 1. HP: 18/18 MP: 1/1
   142 | D:1      | Gained mutation: When hurt, damage is shared between your
                  | health and your magic reserves. [demonic ancestry]
   142 | D:1      | Reached XP level 2. HP: 22/24 MP: 2/2
   771 | D:2      | Found a sparkling altar of Nemelex Xobeh.
   806 | D:2      | You fall through a shaft for 2 floors!
   831 | D:4      | Noticed a phantom
   835 | D:4      | Reached XP level 3. HP: 25/29 MP: 1/3
   865 | D:4      | HP: 1/29 [phantom (6)]
   866 | D:4      | Mangled by a phantom

Vault maps used:
D:1:      ncdulo_lavacross
D:2:      grunt_temple_overflow_growth_and_decay, nemelex_lonely_heart_becter
D:4:      okawaru_altar_gauntlet_db, kennysheep_mini_moat, first_ration

Skill      XL: |  1  2 |
---------------+-------+-----
Axes           | 2 |  2.2
Armour         | 3 |  3.0
Shields        | 3 |  3.1
Fighting       | |  3.3

Action                   || total
-------------------------++-------
Melee: War axe           ||    76
Armor: Scale mail        ||    38
Dodge: Dodged            ||    12
Block: Shield            ||    36

Table legend:
 A = Non-vault XP
 B = Vault XP
 C = Vault XP percentage of total XP
 D = Non-vault monster count
 E = Vault monster count
 F = Vault count percentage of total count
                 A         B        C        D         E       F
            +---------+---------+-------+---------+---------+-------
      Total |      50 |       0 |   0.0 |      22 |       0 |   0.0
            +---------+---------+-------+---------+---------+-------
        D:1 |      30 |       0 |   0.0 |      19 |       0 |   0.0
        D:2 |       6 |       0 |   0.0 |       2 |       0 |   0.0
        D:4 |      14 |       0 |   0.0 |       1 |       0 |   0.0
            +---------+---------+-------+---------+---------+-------
